 Dungeon Crawl Stone Soup version 0.27-a0-1149-g4505690ab0 (webtiles) character file.

Game seed: 14473637327685651135

1551 wakim the Ruffian (level 8, 0/78 HPs)
             Began as a Troll Fighter on May 13, 2021.
             Slain by a sky beast (5 damage)
             ... on level 6 of the Dungeon.
             The game lasted 00:10:01 (4352 turns).

wakim the Ruffian (Troll Fighter)                   Turns: 4352, Time: 00:10:02

Health: 0/78       AC:  4    Str: 26    XL:     8   Next: 57%
Magic:  7/7        EV:  9    Int:  5    God:
Gold:   190        SH: 11    Dex:  9    Spells: 7/7 levels left

rFire    . . .     SeeInvis .     - Unarmed
rCold    . . .     Faith    +   b - +1 kite shield
rNeg     . . .     Spirit   .   a - +0 robe
rPois    .         Reflect  .   (helmet restricted)
rElec    .         Harm     .   (no cloak)
rCorr    .         Rampage  .   (gloves unavailable)
Will     .....                  (boots unavailable)
Stlth    +.........             k - amulet of faith
HPRegen  1.23/turn              (no ring)
MPRegen  0.10/turn              (no ring)

@: no status effects
A: large, unfitting armour, claws 3, regeneration 1, shaggy fur 1, tough skin 1
a: no special abilities


You were on level 6 of the Dungeon.
You visited 1 branch of the dungeon, and saw 6 of its levels.

You collected 190 gold pieces.

Inventory:

Missiles
 f - 30 poisoned darts
 j - 6 curare-tipped darts (quivered) {=f}
Armour
 a - a +0 robe (worn)
 b - a +1 kite shield (worn)
Jewellery
 k - an amulet of faith (around neck)
Scrolls
 c - a scroll of amnesia
 d - 2 scrolls of enchant weapon
 g - 2 scrolls of torment {!r}
 n - a scroll of teleportation {unknown}
 r - 3 scrolls of identify
 U - a scroll of fear
 Z - 2 scrolls of silence {!r}
Potions
 e - a potion of lignification {unknown}
 h - a potion of degeneration {unknown}
 i - a potion of curing
 l - a potion of magic {unknown}
 m - 2 potions of brilliance {unknown}
 J - a potion of heal wounds
 N - a potion of might


   Skills:
 + Level 4.2 Fighting
 + Level 2.8 Throwing
 + Level 4.2 Dodging
 * Level 5.4 Shields
 * Level 6.2 Unarmed Combat


You had 7 spell levels left.
You didn't know any spells.
Your spell library contained the following spells:

 Spells                   Type           Power      Damage    Failure   Level
 Freeze                   Ice            0%         1d3       75%         1
 Shock                    Conj/Air       0%         1d3       75%         1
 Summon Small Mammal      Summ           0%         N/A       75%         1
 Call Imp                 Summ           0%         N/A       86%         2
 Static Discharge         Conj/Air       0%         N/A       86%         2
 Call Canine Familiar     Summ           0%         N/A       98%         3
 Frozen Ramparts          Ice            0%         1d2       98%         3
 Ozocubu's Armour         Ice            0%         N/A       98%         3
 Summon Guardian Golem    Hex/Summ       0%         N/A       98%         3
 Swiftness                Air            0%         N/A       98%         3
 Airstrike                Air            0%         N/A       100%        4
 Hailstorm                Conj/Ice       0%         3d3       100%        4
 Summon Ice Beast         Ice/Summ       0%         N/A       100%        4
 Summon Lightning Spire   Summ/Air       0%         N/A       100%        4
 Lightning Bolt           Conj/Air       0%         1d11      100%        5
 Metabolic Englaciation   Hex/Ice        0%         N/A       100%        5


Dungeon Overview and Level Annotations

Branches:
Dungeon (6/15)
 Temple: D:4-7

Altars:

Shops:
D:2 !

Annotations:
D:4 1 runed translucent door, Pikel, Purgy


Innate Abilities, Weirdness & Mutations

You are too large for most types of armour.
You have claws for hands.
Your natural rate of healing is unusually fast.
You are covered in fur. (AC +1)
You have tough skin. (AC +1)


Message History

You closely miss something. Something hits you. Something shocks you.
* * * LOW HITPOINT WARNING * * *
You miss something. Something hits you.
* * * LOW HITPOINT WARNING * * *
Something shocks you.
* * * LOW HITPOINT WARNING * * *
You closely miss something. Something hits you.
* * * LOW HITPOINT WARNING * * *
Something shocks you.
* * * LOW HITPOINT WARNING * * *
You barely miss something. Something hits you.
* * * LOW HITPOINT WARNING * * *
Something shocks you.
* * * LOW HITPOINT WARNING * * *
You miss something. Something hits you.
* * * LOW HITPOINT WARNING * * *
Something shocks you.
* * * LOW HITPOINT WARNING * * *
You miss something. Something hits you.
* * * LOW HITPOINT WARNING * * *
Something shocks you.
* * * LOW HITPOINT WARNING * * *
You claw something! Something hits you but does no damage.
Unknown command.
A sky beast appears from thin air!
Reactivating autopickup.
Things that are here:
a +0 short sword; a +0 leather armour You scratch the sky beast.
The sky beast is almost dead.
The sky beast hits you.
* * * LOW HITPOINT WARNING * * *
The sky beast shocks you.
* * * LOW HITPOINT WARNING * * *
You closely miss the sky beast.
The sky beast is almost dead.
The sky beast hits you.
* * * LOW HITPOINT WARNING * * *
The sky beast shocks you.
You die...

......#.#.#.#.##
......+#.#.#+#.# ....Y.#
#......# ......#
#.....######### ....<.#
#.....#.......#
##########.....#........
#...'.....+........
###.##.....#........
#...#......#@.......
###.#......Y#####...
#.#.......# #)#.......#
#.#.......#
####.#.......#
#....####....# #.####
#....# #.# #....#


You could see a sky beast.

Vanquished Creatures
  Sigmund (D:2)
  4 yaks
  A water moccasin (D:5)
  A necrophage (D:5)
  A lemure (D:3)
  A gnoll sergeant (D:5)
  3 scorpions
  2 hounds (D:5)
  3 iguanas
  A centaur skeleton (D:5)
  10 gnolls
  3 adders
  A white imp (D:5)
  A worm (D:3)
  3 dart slugs
  An orc (D:6)
  3 endoplasms
  3 giant cockroaches
  7 goblins
  5 hobgoblins
  10 jackals
  7 quokkas
  6 ball pythons
  4 bats
  5 frilled lizards
  4 kobolds
  5 rats
96 creatures vanquished.

Vanquished Creatures (others)
  A plant (D:2)
1 creature vanquished.

Grand Total: 97 creatures vanquished

Notes
Turn   | Place    | Note
-------+----------+-------------------------------------------
     0 | D:1      | wakim the Troll Fighter began the quest for the Orb.
     0 | D:1      | Reached XP level 1. HP: 22/22 MP: 0/0
    50 | D:1      | Reached XP level 2. HP: 29/29 MP: 1/1
   307 | D:1      | Found a faded altar of an unknown god.
   971 | D:2      | Reached XP level 3. HP: 36/36 MP: 2/2
  1273 | D:2      | Found Nijiafiu's Distillery.
  1506 | D:2      | Noticed Sigmund
  1519 | D:2      | Killed Sigmund
  1520 | D:2      | Reached skill level 3 in Unarmed Combat
  1520 | D:2      | Reached XP level 4. HP: 27/45 MP: 3/3
  1520 | D:2      | Reached XP level 5. HP: 32/53 MP: 4/4
  2513 | D:4      | Noticed Pikel
  2513 | D:4      | Noticed a lemure
  2513 | D:4      | Noticed a lemure
  2513 | D:4      | Noticed a lemure
  2513 | D:4      | Noticed a lemure
  2534 | D:3      | Killed a lemure
  2598 | D:4      | Reached skill level 4 in Unarmed Combat
  2598 | D:4      | Reached XP level 6. HP: 59/61 MP: 5/5
  2647 | D:4      | Noticed Purgy
  2669 | D:4      | Found a runed translucent door.
  2907 | D:4      | You fall into a shaft and drop 1 floor!
  2907 | D:5      | Entered Level 5 of the Dungeon
  3013 | D:5      | Reached skill level 1 in Throwing
  3155 | D:5      | Reached XP level 7. HP: 67/67 MP: 6/6
  3543 | D:5      | Reached skill level 5 in Unarmed Combat
  4191 | D:6      | Noticed a yak
  4191 | D:6      | Noticed a yak
  4191 | D:6      | Noticed a yak
  4192 | D:6      | Noticed a yak
  4192 | D:6      | Noticed a yak
  4198 | D:6      | Killed a yak
  4199 | D:6      | Reached skill level 5 in Shields
  4199 | D:6      | Reached XP level 8. HP: 60/78 MP: 7/7
  4213 | D:6      | Reached skill level 6 in Unarmed Combat
  4352 | D:6      | Slain by a sky beast

Illustrated notes

Levels and vault maps discovered:
D:1:      dpeg_arrival_rhombus, layout_basic,
          hellmonk_ecumenical_altar_prayer_group
D:2:      layout_basic, serial_shops, shop, serial_bayou, serial_bayou_pond_e,
          serial_bayou_pond_e, serial_bayou_lake_a, serial_bayou_pond_d,
          uniq_sigmund
D:3:      layout_loops_cross, minivault_14, kennysheep_generic_room_14
D:4:      layout_cave_pools, ebering_ghost_reflecting_pool, serial_shops,
          kennysheep_mini_moat, uniq_purgy, uniq_grinder, uniq_pikel
D:5:      layout_basic
D:6:      layout_basic, portal_sewer_entry_e, serial_bayou_ford_a,
          moated_statue, uniq_duvessa

Skill      XL: |  1  2  3  4  5  6  7  8 |
---------------+-------------------------+-----
Shields        | 3 4 5 |  5.4
Fighting       | 3 4 |  4.2
Dodging        | 3 4 |  4.2
Unarmed Combat | 3 4 5 6 |  6.2
Throwing       | 1 2 |  2.8

Action                   |  1- 3 |  4- 6 |  7- 9 || total
-------------------------+-------+-------+-------++-------
Melee: Unarmed           |    77 |   125 |   143 ||   345
Throw: Dart              |     2 |       |       ||     2
  Use: Scroll            |       |    11 |     1 ||    12
Armor: Robe              |    21 |    22 |    17 ||    60
Dodge: Dodged            |    17 |    40 |    30 ||    87
Block: Kite shield       |    23 |    56 |    51 ||   130

Table legend: (Time is in decaauts)
 A = Elapsed time spent in this place.
 B = Non-inter-level travel time spent in this place.
 C = Inter-level travel time spent in this place.
 D = Time resting spent in this place.
 E = Time spent auto-exploring this place.
 F = Levels seen in this place.
 G = Mean time per level.
                   A        B        C        D        E       F      G
               +--------+--------+--------+--------+--------+-----+--------+
         Total |   4448 |   4291 |    157 |    246 |   3139 |   6 |  741.3 |
       Dungeon |   4448 |   4291 |    157 |    246 |   3139 |   6 |  741.3 |
               +--------+--------+--------+--------+--------+-----+--------+

Top non-repeatable levels by time:
     D:5: 1260 daAuts
     D:3: 986 daAuts
     D:1: 970 daAuts
     D:2: 911 daAuts
     D:6: 193 daAuts
     D:4: 125 daAuts
